 Dungeon Crawl Stone Soup version 0.18-a0-1655-ge2d8d33 (webtiles) character file.

17507 Kidiri the Thaumaturge (level 12, -2/68 HPs)
             Began as a Deep Elf Fire Elementalist on Mar 30, 2016.
             Was a Priest of Vehumet.
             Slain by a basilisk (12 damage)
             ... on level 2 of the Lair of Beasts.
             The game lasted 00:52:31 (15198 turns).

Kidiri the Thaumaturge (DEFE)                      Turns: 15198, Time: 00:52:31

Health: -2/68      AC:  8    Str:  5    XL:     12   Next: 19%
Magic:  22/30      EV: 18    Int: 26    God:    Vehumet [***...]
Gold:   1000       SH:  6    Dex: 15    Spells: 9 memorised, 9 levels left

rFire  x . .     SeeInvis .     K - +9 falchion "Kiur" {flame, rF- rC+ rN+}
rCold  + . .     Gourm    .     a - +1 robe
rNeg   + . .     Faith    .     (no shield)
rPois  .         Spirit   .     (helmet restricted)
rElec  .         Dismiss  .     P - +2 cloak {+Inv}
rCorr  .         Reflect  +     (no gloves)
SustAt .         Harm     .     (no boots)
MR     +....                    C - +6 amulet of reflection
Stlth  ++........               k - +2 ring of protection
                                F - ring of wizardry

@: very slightly contaminated, somewhat resistant to hostile enchantments,
unstealthy
A: antennae 1, screaming 1, wild magic 1, sturdy frame 1
a: Renounce Religion, Evoke Invisibility


You were on level 2 of the Lair of Beasts.
You worshipped Vehumet.
Vehumet was most pleased with you.
You were not hungry.

You visited 3 branches of the dungeon, and saw 12 of its levels.

You collected 1000 gold pieces.

Inventory:

Hand Weapons
 z - a +2 dagger of freezing
 I - a +1 dagger of venom
 K - the +9 falchion "Kiur" (weapon) {flame, rF- rC+ rN+}
   (You found it on level 9 of the Dungeon)

   It has been specially enchanted to burn those struck by it, causing extra
   injury to most foes and up to half again as much damage against particularly
   susceptible opponents.
   Big, fiery blades are also staple armaments of hydra-hunters.
   It makes you vulnerable to fire.
   It protects you from cold.
   It protects you from negative energy.
 M - a +3 dagger of holy wrath
 O - a +0 dagger of electrocution
 V - a +0 dagger of distortion
Missiles
 j - 3 throwing nets (quivered)
Armour
 a - a +1 robe (worn)
 l - a +2 shield
 x - a +0 crystal plate armour
 B - a +1 helmet
 P - a +2 cloak of invisibility (worn)
 Y - a steam dragon hide
Jewellery
 d - an uncursed amulet of magic regeneration
 g - an uncursed ring of protection from fire
 k - a +2 ring of protection (right hand)
 o - an uncursed ring of poison resistance
 C - a +6 amulet of reflection (around neck)
 F - a ring of wizardry (left hand)
Wands
 f - a wand of lightning (0/15)
 h - a wand of disintegration (9/24)
 s - a wand of disintegration (1/24)
 t - a wand of random effects (5/48)
 u - a wand of paralysis (14/24)
 v - a wand of paralysis (14/24)
 y - a wand of teleportation (7/9)
 A - a wand of teleportation (1/9)
 E - a wand of slowing (28/48)
 G - a wand of iceblast (4/15)
 L - a wand of flame (18/48)
 N - a wand of lightning (4/15)
Scrolls
 e - 2 scrolls of teleportation
 i - 4 scrolls of remove curse
 r - 3 scrolls of recharging
 J - a scroll of amnesia
 R - a scroll of noise {unknown}
 T - a scroll of torment {unknown}
 W - 2 scrolls of fog {unknown}
Potions
 m - 3 potions of agility
 n - a potion of berserk rage
 q - 2 potions of might
 w - a potion of flight
 D - a potion of ambrosia
 H - 5 potions of curing
 Q - a potion of cure mutation
 S - a potion of lignification {unknown}
Books
 b - a book of Flames

   Spells                             Type                      Level
   a - Flame Tongue                   Conjuration/Fire             1
   b - Throw Flame                    Conjuration/Fire             2
   c - Conjure Flame                  Conjuration/Fire             3
   d - Inner Flame                    Hexes/Fire                   3
   e - Sticky Flame                   Conjuration/Fire             4
   f - Fireball                       Conjuration/Fire             5
Comestibles
 c - 8 bread rations
 p - 2 meat rations
 U - 6 chunks of flesh
 X - 10 royal jellies


   Skills:
 + Level 4.8 Fighting
 + Level 4.0 Armour
 * Level 9.4 Dodging
 - Level 2.4 Stealth
 + Level 3.9 Shields
 * Level 12.1 Spellcasting
 + Level 7.1 Conjurations
 + Level 8.0 Hexes
 + Level 1.3 Transmutations
 * Level 10.4 Fire Magic
 + Level 0.0 Air Magic
 + Level 4.3 Earth Magic
 + Level 0.7 Poison Magic


You had 9 spell levels left.
You knew the following spells:

 Your Spells              Type           Power        Failure   Level  Hunger
a - Flame Tongue          Conj/Fire      #####        1%          1    None
b - Throw Flame           Conj/Fire      ######       1%          2    None
c - Conjure Flame         Conj/Fire      #######.     1%          3    None
d - Inner Flame           Hex/Fire       #######.     1%          3    None
e - Sticky Flame          Conj/Fire      #######.     1%          4    None
f - Fireball              Conj/Fire      #######...   1%          5    ###....
g - Sandblast             Erth           ######       1%          1    None
h - Ignite Poison         Fire/Trmt/Pois ######..     1%          3    None
i - Airstrike             Air            ###.......   8%          4    None


Dungeon Overview and Level Annotations

Branches:
Dungeon (9/15)             Temple (1/1) D:4            Lair (2/8) D:9
    Orc: D:9-12

Altars:
Ashenzari
Cheibriados
Dithmenos
Elyvilon
Fedhas
Gozag
Kikubaaqudgha
Makhleb
Nemelex Xobeh
Okawaru
Pakellas
Qazlal
Ru
Sif Muna
Trog
Vehumet
Xom
Yredelemnul
Zin
The Shining One

Shops:
D:6 :

Annotations:
D:7 pedritolo's ghost, novice FoWr


Innate Abilities, Weirdness & Mutations

You have a pair of small antennae on your head.
You occasionally shout uncontrollably at your foes.
Your spells are a little harder to cast, but a little more powerful.
Your movements are slightly less encumbered by armour (ER -2).


Message History

The basilisk gazes at you.
You easily resist.
The basilisk bites you but does no damage.
The basilisk bites you!
* * * LOW HITPOINT WARNING * * *
The basilisk bites you but does no damage.
The basilisk bites you!
* * * LOW HITPOINT WARNING * * *
You turn to flesh and can move again.
Unknown command.
Casting: Sticky Flame
Confirm with . or Enter, or press ? or * to list all spells.
Aiming: Sticky Flame
Press: ? - help, Shift-Dir - straight line, f/p - basilisk
Aim: a basilisk (moderately wounded)
The sticky flame hits the basilisk.
The basilisk is heavily wounded.
The basilisk is covered in liquid flames!
The basilisk burns!
The basilisk bites you!
You die...

### ##.. ##
##..##+.# #
#.......##
#######.#..l.....#
#....#.....@....#
#....####.......##
#....# #.........#
#....# ##........#
#....# #.......P#
#%...# ##....#..##
### #.####
#.##...### ##.#
#..# ##......#
#..###..##
#.......#


You could see a basilisk (burning).

Vanquished Creatures
  3 hydras
  Erolcha (D:9)
  The ghost of Ijustatesigmund the Fighter, a novice KoAs of Cheibriados (D:8)
  Sonja (Lair:2)
  An unseen horror (D:6)
  Pikel (D:5)
  Maurice (D:8)
  3 black mambas (Lair:1)
  An elephant (D:9)
  2 spiny frogs (Lair:1)
  A tengu conjurer (D:6)
  A queen bee (Lair:2)
  10 blink frogs
  The ghost of Sargon the Archer, an amateur SpHu (D:6)
  A basilisk (Lair:1)
  12 yaks
  A hungry ghost (D:8)
  3 hippogriffs
  A steam dragon (Lair:2)
  A vampire mosquito (D:6)
  A porcupine (Lair:1)
  3 water moccasins
  An orc warrior (D:6)
  An eye of draining (D:8)
  2 ice beasts
  3 black bears
  3 sky beasts
  3 phantoms
  4 centaurs
  2 crocodiles (D:9)
  9 giant frogs
  A gnoll sergeant (D:8)
  5 scorpions
  A wight (D:6)
  23 killer bees (Lair:2)
  A howler monkey (D:6)
  7 crimson imps
  A centaur zombie (D:9)
  2 giant frog zombies
  3 orc priests (D:8)
  3 hounds
  A jelly (D:9)
  A giant frog skeleton (D:6)
  Terence (D:2)
  10 orc wizards
  8 worker ants
  4 sheep (Lair:1)
  A hound zombie (D:8)
  A hound skeleton (D:4)
  2 worker ant zombies
  Robin (D:2)
  A howler monkey zombie (D:5)
  A howler monkey skeleton (D:6)
  14 gnolls
  8 adders
  6 river rats (Lair:2)
  A shadow imp (D:8)
  An ooze (D:3)
  3 worms
  4 dart slugs
  2 giant geckos
  21 orcs
  2 ball pythons
  8 bats
  10 giant cockroaches
  14 goblins
  12 hobgoblins
  9 jackals
  5 kobolds
  8 quokkas
  3 giant gecko skeletons
  11 giant newts
  A jackal skeleton (D:7)
  A quokka skeleton (D:6)
  11 rats
  A bush (D:6)
  3 butterflies (D:4)
  A fungus (D:9)
318 creatures vanquished.

Vanquished Creatures (others)
  4 fungi
  2 plants
6 creatures vanquished.

Grand Total: 324 creatures vanquished

Notes
Turn   | Place    | Note
--------------------------------------------------------------
     0 | D:1      | Kidiri the Deep Elf Fire Elementalist began the quest for the Orb.
     0 | D:1      | Reached XP level 1. HP: 10/10 MP: 6/6
   148 | D:1      | Reached XP level 2. HP: 15/15 MP: 6/8
   152 | D:1      | Learned a level 2 spell: Throw Flame
   583 | D:1      | Reached XP level 3. HP: 16/19 MP: 7/10
   588 | D:1      | Learned a level 3 spell: Conjure Flame
   592 | D:1      | Learned a level 3 spell: Inner Flame
   919 | D:2      | Found a basalt altar of Yredelemnul.
  1389 | D:2      | Reached XP level 4. HP: 24/24 MP: 8/11
  1406 | D:2      | Reached skill level 1 in Hexes
  1415 | D:2      | Noticed Terence
  1731 | D:2      | Reached skill level 4 in Spellcasting
  1861 | D:2      | Killed Terence
  1861 | D:2      | Reached XP level 5. HP: 17/28 MP: 0/13
  2020 | D:2      | Noticed Robin
  2027 | D:2      | Killed Robin
  2083 | D:2      | Found a sparkling altar of Nemelex Xobeh.
  2087 | D:2      | Found a bloodstained altar of Trog.
  2092 | D:2      | Found a sacrificial altar of Ru.
  2334 | D:3      | Reached skill level 1 in Fighting
  2406 | D:3      | Gained mutation: Your movements are slightly less encumbered by armour (ER -2). [potion of mutation]
  2406 | D:3      | Gained mutation: You occasionally shout uncontrollably at your foes. [potion of mutation]
  2406 | D:3      | Gained mutation: Your spells are a little harder to cast, but a little more powerful. [potion of mutation]
  2483 | D:3      | Found a blossoming altar of Fedhas.
  2646 | D:3      | Learned a level 4 spell: Sticky Flame
  3091 | D:4      | Reached XP level 6. HP: 34/34 MP: 11/15
  3095 | D:4      | Reached skill level 5 in Fire Magic
  3163 | D:4      | Reached skill level 5 in Spellcasting
  3203 | D:4      | Found an oddly glowing altar of Pakellas.
  3225 | D:4      | Found a staircase to the Ecumenical Temple.
  3235 | Temple   | Entered the Ecumenical Temple
  3684 | D:4      | Found a shadowy altar of Dithmenos.
  3868 | D:5      | Entered Level 5 of the Dungeon
  4002 | D:5      | Reached XP level 7. HP: 38/38 MP: 8/17
  4078 | D:5      | Reached skill level 6 in Spellcasting
  4234 | D:5      | Found a radiant altar of Vehumet.
  4237 | D:5      | Noticed Pikel
  4246 | D:5      | Killed Pikel
  4246 | D:5      | Reached skill level 7 in Spellcasting
  4246 | D:5      | Reached XP level 8. HP: 36/45 MP: 11/20
  4307 | D:5      | Became a worshipper of Vehumet
  4720 | D:5      | Learned a level 5 spell: Fireball
  5070 | D:6      | Noticed Sargon's ghost (amateur SpHu)
  5075 | D:6      | Killed Sargon's ghost
  5075 | D:6      | Reached skill level 5 in Dodging
  5307 | D:6      | Found a bloodstained altar of Trog.
  5414 | D:6      | Reached skill level 8 in Spellcasting
  5701 | D:6      | Found Kaitosm's Book Shoppe.
  6262 | D:6      | Reached XP level 9. HP: 50/50 MP: 18/23
  6293 | D:7      | Noticed pedritolo's ghost (novice FoWr)
  7017 | D:7      | Found a shattered altar of Ashenzari.
  7454 | D:6      | Reached skill level 5 in Hexes
  7837 | D:6      | Gained mutation: You have a pair of small antennae on your head. [mutagenic meat]
  8101 | D:6      | Reached skill level 5 in Conjurations
  8102 | D:6      | Reached skill level 1 in Armour
  8102 | D:6      | Reached skill level 1 in Shields
  8371 | D:6      | Reached skill level 9 in Spellcasting
  8373 | D:6      | Reached * piety under Vehumet
  8373 | D:6      | Offered knowledge of Sandblast by Vehumet.
  8376 | D:6      | Learned a level 1 spell: Sandblast
  8387 | D:6      | Noticed an unseen horror
  8390 | D:6      | Killed an unseen horror
  8390 | D:6      | Reached skill level 1 in Earth Magic
  8412 | D:6      | Noticed a tengu conjurer
  8430 | D:6      | Killed a tengu conjurer
  8589 | D:6      | Reached XP level 10. HP: 53/56 MP: 21/25
  8751 | D:8      | Noticed Ijustatesigmund's ghost (novice KoAs)
  8761 | D:8      | Killed Ijustatesigmund's ghost
  9610 | D:8      | Noticed Maurice
  9622 | D:8      | Killed Maurice
  9622 | D:8      | Reached skill level 10 in Spellcasting
 10269 | D:9      | Reached ** piety under Vehumet
 10270 | D:9      | Offered knowledge of Magic Dart by Vehumet.
 10314 | D:9      | Found a staircase to the Lair.
 10314 | D:9      | Noticed an elephant
 10319 | D:9      | Killed an elephant
 10432 | D:9      | Got a scorched falchion
 10433 | D:9      | Identified the +9 falchion "Kiur" {flame, rF- rC+ rN+} (You found it on level 9 of the Dungeon)
 10518 | D:9      | Noticed Erolcha
 10527 | D:9      | Killed Erolcha
 10631 | D:9      | Found a radiant altar of Vehumet.
 11431 | D:9      | Reached XP level 11. HP: 51/61 MP: 21/27
 11581 | Lair:1   | Entered Level 1 of the Lair of Beasts
 11863 | Lair:1   | Reached skill level 11 in Spellcasting
 12757 | Lair:1   | Noticed an eight-headed hydra
 12771 | Lair:1   | Killed an eight-headed hydra
 12771 | Lair:1   | Reached skill level 10 in Fire Magic
 12975 | Lair:1   | Found a snail-covered altar of Cheibriados.
 14312 | Lair:2   | Noticed Sonja
 14316 | Lair:2   | Killed Sonja
 14614 | Lair:2   | Noticed a five-headed hydra
 14620 | Lair:2   | Killed a four-headed hydra
 14620 | Lair:2   | Reached XP level 12. HP: 57/67 MP: 22/29
 14632 | Lair:2   | Offered knowledge of Ignite Poison by Vehumet.
 14637 | Lair:2   | Learned a level 3 spell: Ignite Poison
 14830 | Lair:2   | Reached *** piety under Vehumet
 14853 | Lair:2   | Reached skill level 1 in Transmutations
 14906 | Lair:2   | Reached skill level 12 in Spellcasting
 15119 | Lair:2   | Noticed a six-headed hydra
 15156 | Lair:2   | Killed a six-headed hydra
 15161 | Lair:2   | Offered knowledge of Airstrike by Vehumet.
 15167 | Lair:2   | Learned a level 4 spell: Airstrike
 15198 | Lair:2   | Slain by a basilisk

Vault maps used:
D:1:      onia_arrival_larder
D:2:      minmay_overflow_temple_star_quad, lemuel_crystal_altar, first_bread,
          uniq_robin, uniq_terence
D:3:      nicolae_overflow_crystal_walls
D:4:      grunt_pakellas_sulfur, minmay_temple_entry_butterflies,
          grunt_dithmenos_smoke
D:5:      vehumet_altar_wand_db, uniq_pikel
D:6:      minmay_klotski, serial_shops, shop_coins, trog_ov_bears_minmay
D:7:      ashenzari_conservatory_becter, serial_corexii_hall,
          corexii_hall_statues_i, corexii_hall_statues_l
D:8:      uniq_maurice
D:9:      lemuel_coloured_pillars_altar, david_lair_generic, uniq_erolcha
Temple:   nicolae_temple_no_exploring_needed
Lair:1:   basic_altar
Lair:2:   special_room, beast_lair_carwin_2, uniq_sonja

Skill      XL: |  1  2  3  4  5  6  7  8  9 10 11 12 |
---------------+-------------------------------------+-----
Fire Magic     | 4 5 6 7 8 9 10 | 10.4
Conjurations   | 2 3 4 5 6 7 |  7.1
Dodging        | 3 4 5 6 8 9 |  9.4
Hexes          | 1 2 3 4 5 6 7 8 |  8.0
Spellcasting   | 4 5 7 8 9 10 11 12 | 12.1
Fighting       | 1 2 3 4 |  4.8
Armour         | 1 2 3 4 |  4.0
Shields        | 1 2 3 |  3.9
Earth Magic    | 1 3 4 |  4.3
Transmutations | 1 |  1.3
Stealth        | |  2.4
Poison Magic   | |  0.7

Action                   |  1- 3 |  4- 6 |  7- 9 | 10-12 || total
-------------------------+-------+-------+-------+-------++-------
Melee: Unarmed           |     1 |       |       |       ||     1
       Dagger            |     3 |    24 |    62 |    53 ||   142
       Falchion          |       |       |       |    73 ||    73
 Cast: Flame Tongue      |    59 |    93 |   142 |   215 ||   509
       Throw Flame       |    16 |    34 |    23 |    22 ||    95
       Conjure Flame     |     1 |     6 |     9 |    14 ||    30
       Inner Flame       |       |     2 |     6 |    10 ||    18
       Sticky Flame      |       |     3 |    10 |    54 ||    67
       Fireball          |       |       |     6 |     9 ||    15
Evoke: Wand              |       |     1 |     8 |       ||     9
  Use: Scroll            |       |     7 |     7 |     8 ||    22
       Potion            |       |     1 |     7 |     4 ||    12
 Stab: Sleeping          |     1 |     3 |     1 |     1 ||     6
  Eat: Chunk             |     2 |     9 |    12 |     8 ||    31
       Fruit             |       |       |     1 |       ||     1
       Beef jerky        |       |       |     2 |       ||     2
       Royal jelly       |       |       |     1 |       ||     1
       Meat ration       |       |       |       |     3 ||     3
